EVO
UNIVERSITY OF TORONTO MARLIES @ UCLA BRUINS
09/22/2047
 
TOP OF THE 1ST
University of Toronto Marlies batting - Pitching for UCLA Bruins : RHP Danny Dean
Pitching: RHP Danny Dean
Batting: SHB Jose Melendez 0-0: Foul Ball, location: 2F
0-1: Ball
1-1: Ball
2-1: Foul Ball, location: 2F
2-2: Ground out 4-3 (Groundball, 4, EV 81.9 MPH)
Batting: RHB Logan Johnson 0-0: Called Strike
0-1: Foul Ball, location: 2F
0-2: Ball
1-2: Foul Ball, location: 2F
1-2: Ball
2-2: Ball
3-2: Foul Ball, location: 2F
3-2: Fly out, F8 (Line Drive, 8LD, EV 83.8 MPH)
Batting: LHB Efrem Isaev 0-0: Foul Ball, location: 2F
0-1: Ball
1-1: Fly out, F6 (Popup, P, EV 85.6 MPH)
Top of the 1st over - 0 runs, 0 hits, 0 errors, 0 left on base; University of Toronto 0 - UCLA 0
BOTTOM OF THE 1ST
UCLA Bruins batting - Pitching for University of Toronto Marlies : LHP Jim Sabin
Pitching: LHP Jim Sabin
Batting: LHB Luis Ortegon 0-0: Ball
1-0: Foul Ball, location: 2F
1-1: Swinging Strike
1-2: Ball
2-2: Foul Ball, location: 2F
2-2: Ball
3-2: Strikes out swinging, 2-3 out at first.
Batting: RHB Ken Hillman 0-0: Ground out 6-3 (Groundball, 6, EV 87.5 MPH)
Batting: RHB Issac Konol 0-0: Swinging Strike
0-1: Ball
1-1: Ground out 5-3 (Groundball, 5, EV 89.4 MPH)
Bottom of the 1st over - 0 runs, 0 hits, 0 errors, 0 left on base; University of Toronto 0 - UCLA 0
TOP OF THE 2ND
University of Toronto Marlies batting - Pitching for UCLA Bruins : RHP Danny Dean
Batting: SHB Shannon Britten 0-0: Foul Ball, location: 2F
0-1: Ball
1-1: Ball
2-1: Called Strike
2-2: Foul Ball, location: 2F
2-2: Ground out 4-3 (Groundball, 4M, EV 84.4 MPH)
Batting: SHB Ronnie Lundy 0-0: Ball
1-0: Ball
2-0: Fly out, F7 (Flyball, 78S, EV 90.0 MPH)
Batting: RHB Jeff McClellan 0-0: Swinging Strike
0-1: DOUBLE (Line Drive, 89D, EV 109.4 MPH)
Batting: RHB Rich Vanegas 0-0: Ball
1-0: Ball
2-0: Reached on error, E2 (Groundball, 15S, EV 62.5 MPH)
Jeff McClellan scores
Batting: RHB Charlie Townend 0-0: Ball
1-0: Ball
2-0: Foul Ball, location: 2F
2-1: Ball
3-1: Fly out, F7 (Line Drive, 7, EV 90.0 MPH)
Top of the 2nd over - 1 run, 1 hit, 1 error, 1 left on base; University of Toronto 1 - UCLA 0
BOTTOM OF THE 2ND
UCLA Bruins batting - Pitching for University of Toronto Marlies : LHP Jim Sabin
Batting: RHB Andy Knerr 0-0: Called Strike
0-1: Foul Ball, location: 2F
0-2: Ball
1-2: Fly out, F9 (Line Drive, 9, EV 86.9 MPH)
Batting: SHB Sean Munns 0-0: Called Strike
0-1: Fly out, F9 (Line Drive, 89M, EV 98.1 MPH)
Batting: LHB Scott Mullett 0-0: Called Strike
0-1: Foul Ball, location: 2F
0-2: Strikes out looking
Bottom of the 2nd over - 0 runs, 0 hits, 0 errors, 0 left on base; University of Toronto 1 - UCLA 0
TOP OF THE 3RD
University of Toronto Marlies batting - Pitching for UCLA Bruins : RHP Danny Dean
Batting: RHB Bill Cranton 0-0: Called Strike
0-1: Ground out 4-3 (Groundball, 4, EV 90.0 MPH)
Batting: SHB Jose Melendez 0-0: SINGLE (Line Drive, 9S, EV 93.1 MPH)
Batting: RHB Logan Johnson 0-0: Ball
1-0: Ball
2-0: Ball
3-0: Called Strike
3-1: Called Strike
Jose Melendez steals 2nd base
3-2: Strikes out looking
Batting: LHB Efrem Isaev 0-0: DOUBLE (Line Drive, 78D, EV 113.1 MPH)
Jose Melendez scores
Batting: SHB Shannon Britten 0-0: Ball
1-0: Fly out, F5 (Popup, 5F, EV 78.1 MPH)
Top of the 3rd over - 1 run, 2 hits, 0 errors, 1 left on base; University of Toronto 2 - UCLA 0
BOTTOM OF THE 3RD
UCLA Bruins batting - Pitching for University of Toronto Marlies : LHP Jim Sabin
Batting: LHB Mark Cummings 0-0: Ball
1-0: Called Strike
1-1: Ball
2-1: Ball
3-1: Fly out, F7 (Line Drive, 7, EV 100.6 MPH)
Batting: SHB Dan Trainer 0-0: Fly out, F7 (Line Drive, 7S, EV 105.6 MPH)
Batting: RHB Michael Alvarado 0-0: Foul Ball, location: 2F
0-1: Ball
1-1: Foul Ball, location: 2F
1-2: Foul Ball, location: 2F
1-2: Fly out, F8 (Flyball, 89D, EV 100.0 MPH)
Bottom of the 3rd over - 0 runs, 0 hits, 0 errors, 0 left on base; University of Toronto 2 - UCLA 0
TOP OF THE 4TH
University of Toronto Marlies batting - Pitching for UCLA Bruins : RHP Danny Dean
Batting: SHB Ronnie Lundy 0-0: Swinging Strike
0-1: Swinging Strike
0-2: Foul Ball, location: 2F
0-2: Ball
1-2: Ball
2-2: Ball
3-2: Fly out, F6 (Popup, 6M, EV 73.8 MPH)
Batting: RHB Jeff McClellan 0-0: Ball
1-0: Foul Ball, location: 2F
1-1: Ball
2-1: Swinging Strike
2-2: Ball
3-2: Foul Ball, location: 2F
3-2: Foul Ball, location: 2F
3-2: Base on Balls
Batting: RHB Rich Vanegas 0-0: Ball
1-0: SINGLE (Groundball, 4MD, EV 101.2 MPH)
Jeff McClellan to second
Runner from 2nd tries for 3rd, SAFE, no throw by CF
Batting: RHB Charlie Townend 0-0: Swinging Strike
0-1: Called Strike
Rich Vanegas steals 2nd base
0-2: Ball
1-2: Foul Ball, location: 2F
1-2: Ball
2-2: Foul Ball, location: 2F
2-2: Ball
3-2: SINGLE (Groundball, 34D, EV 108.1 MPH)
Jeff McClellan scores
Rich Vanegas to third
Runner from 3rd tries for Home, throw by RF and OUT! 9-2
Batting: RHB Bill Cranton 0-0: Ball
1-0: Fly out, F6 (Popup, 4M, EV 64.4 MPH)
Top of the 4th over - 1 run, 2 hits, 0 errors, 1 left on base; University of Toronto 3 - UCLA 0
BOTTOM OF THE 4TH
UCLA Bruins batting - Pitching for University of Toronto Marlies : LHP Jim Sabin
Batting: LHB Luis Ortegon 0-0: Ball
1-0: Ball
2-0: Ball
3-0: Called Strike
3-1: Fly out, F5 (Popup, 5SF, EV 68.1 MPH)
Batting: RHB Ken Hillman 0-0: Ball
1-0: Ground out U3 (Groundball, 34, EV 102.5 MPH)
Batting: RHB Issac Konol 0-0: Swinging Strike
0-1: Ball
1-1: Ball
2-1: Fly out, F8 (Line Drive, 8LD, EV 90.0 MPH)
Bottom of the 4th over - 0 runs, 0 hits, 0 errors, 0 left on base; University of Toronto 3 - UCLA 0
TOP OF THE 5TH
University of Toronto Marlies batting - Pitching for UCLA Bruins : RHP Danny Dean
Batting: SHB Jose Melendez 0-0: SINGLE (Flyball, 4MD, EV 90.0 MPH)
Pitching: RHP Luis de Jesus
Batting: RHB Logan Johnson 0-0: Called Strike
0-1: Sac Bunt to 13 - play at first, batter OUT! 1-3
Jose Melendez to second
Batting: LHB Efrem Isaev 0-0: Ground out 4-3 (Groundball, 4S, EV 86.2 MPH)
Jose Melendez to third
Batting: SHB Shannon Britten 0-0: Called Strike
0-1: Foul Ball, location: 2F
0-2: Ball
1-2: Ground out 1-3 (Groundball, P, EV 70.0 MPH)
Top of the 5th over - 0 runs, 1 hit, 0 errors, 1 left on base; University of Toronto 3 - UCLA 0
BOTTOM OF THE 5TH
UCLA Bruins batting - Pitching for University of Toronto Marlies : LHP Jim Sabin
Batting: RHB Andy Knerr 0-0: Ball
1-0: Foul Ball, location: 2F
1-1: Ball
2-1: Swinging Strike
2-2: Fly out, F7 (Flyball, 78M, EV 82.5 MPH)
Batting: SHB Sean Munns 0-0: Ground out 6-3 (Groundball, 6, EV 88.8 MPH)
Batting: LHB Scott Mullett 0-0: Called Strike
0-1: DOUBLE (Flyball, 78D, EV 94.4 MPH)
Batting: LHB Mark Cummings 0-0: Ball
1-0: Ball
2-0: Foul Ball, location: 2F
2-1: Fly out, F8 (Flyball, 8RD, EV 97.5 MPH)
Bottom of the 5th over - 0 runs, 1 hit, 0 errors, 1 left on base; University of Toronto 3 - UCLA 0
TOP OF THE 6TH
University of Toronto Marlies batting - Pitching for UCLA Bruins : RHP Luis de Jesus
Batting: SHB Ronnie Lundy 0-0: Ball
1-0: Ball
2-0: Ground out 1-4-3 (Groundball, 15S, EV 108.8 MPH)
Batting: RHB Jeff McClellan 0-0: Foul Ball, location: 2F
0-1: Ball
1-1: Fly out, F7 (Line Drive, 7D, EV 108.1 MPH)
Batting: RHB Rich Vanegas 0-0: Ball
1-0: Called Strike
1-1: Ball
2-1: Ball
3-1: Base on Balls
Batting: RHB Charlie Townend 0-0: Ball
Rich Vanegas steals 2nd base
1-0: Ball
2-0: Called Strike
2-1: Called Strike
2-2: Ball
3-2: Foul Ball, location: 2F
3-2: Strikes out looking
Top of the 6th over - 0 runs, 0 hits, 0 errors, 1 left on base; University of Toronto 3 - UCLA 0
BOTTOM OF THE 6TH
UCLA Bruins batting - Pitching for University of Toronto Marlies : LHP Jim Sabin
Batting: SHB Dan Trainer 0-0: Ball
1-0: Ground out 5-3 (Groundball, 56S, EV 61.2 MPH)
Batting: RHB Michael Alvarado 0-0: Foul Ball, location: 2F
0-1: Ball
1-1: Fly out, F7 (Flyball, 78S, EV 76.9 MPH)
Batting: LHB Luis Ortegon 0-0: Ball
1-0: Ball
2-0: Called Strike
2-1: Hit by Pitch
Batting: RHB Ken Hillman 0-0: Called Strike
0-1: Called Strike
0-2: Strikes out looking
Bottom of the 6th over - 0 runs, 0 hits, 0 errors, 1 left on base; University of Toronto 3 - UCLA 0
TOP OF THE 7TH
University of Toronto Marlies batting - Pitching for UCLA Bruins : RHP Luis de Jesus
Pitching: LHP Kenny Coolbaugh
Batting: RHB Bill Cranton 0-0: Ball
1-0: SOLO HOME RUN (Flyball, 78XD, EV 101.9 MPH), Distance : 428 ft
Batting: SHB Jose Melendez 0-0: Called Strike
0-1: Ground out 6-3 (Groundball, 6S, EV 67.5 MPH)
Batting: RHB Logan Johnson 0-0: Ground out 4-3 (Groundball, 4M, EV 94.4 MPH)
Batting: LHB Efrem Isaev 0-0: SINGLE (Line Drive, 34, EV 97.5 MPH)
Batting: SHB Shannon Britten 0-0: Ball
1-0: Fly out, F7 (Flyball, 7LM, EV 106.2 MPH)
Top of the 7th over - 1 run, 2 hits, 0 errors, 1 left on base; University of Toronto 4 - UCLA 0
BOTTOM OF THE 7TH
UCLA Bruins batting - Pitching for University of Toronto Marlies : LHP Jim Sabin
Now at 2B: Elmar Adenauer
Now in RF: Charlie Townend
Batting: RHB Issac Konol 0-0: Fly out, F4 (Popup, 4D, EV 39.4 MPH)
Batting: RHB Andy Knerr 0-0: Ball
1-0: Called Strike
1-1: Called Strike
1-2: Foul Ball, location: 2F
1-2: Strikes out looking
Batting: SHB Sean Munns 0-0: Called Strike
0-1: Ball
1-1: Swinging Strike
1-2: Strikes out swinging
Bottom of the 7th over - 0 runs, 0 hits, 0 errors, 0 left on base; University of Toronto 4 - UCLA 0
TOP OF THE 8TH
University of Toronto Marlies batting - Pitching for UCLA Bruins : LHP Kenny Coolbaugh
Batting: RHB Elmar Adenauer 0-0: Ball
1-0: Foul Ball, location: 2F
1-1: Swinging Strike
1-2: Ball
2-2: Strikes out swinging
Batting: RHB Jeff McClellan 0-0: Ground out 4-3 (Groundball, 4M, EV 98.1 MPH)
Batting: RHB Rich Vanegas 0-0: Foul Ball, location: 2F
0-1: Called Strike
0-2: Ground out U3 (Groundball, 3S, EV 80.6 MPH)
Top of the 8th over - 0 runs, 0 hits, 0 errors, 0 left on base; University of Toronto 4 - UCLA 0
BOTTOM OF THE 8TH
UCLA Bruins batting - Pitching for University of Toronto Marlies : LHP Jim Sabin
Pitching: LHP Archie Creelman
Batting: LHB Scott Mullett 0-0: Ball
1-0: Foul Ball, location: 2F
1-1: Fly out, F7 (Flyball, 7LS, EV 84.4 MPH)
Batting: LHB Mark Cummings 0-0: Ball
1-0: SINGLE (Line Drive, 78S, EV 100.0 MPH)
Batting: SHB Dan Trainer 0-0: Swinging Strike
0-1: SINGLE (Line Drive, 4MD, EV 105.0 MPH)
Mark Cummings to second
Batting: RHB Michael Alvarado 0-0: Ball
1-0: Swinging Strike
1-1: Foul Ball, location: 2F
1-2: Grounds into double play, 5-4-3 (Groundball, 5, EV 101.9 MPH)
Bottom of the 8th over - 0 runs, 2 hits, 0 errors, 1 left on base; University of Toronto 4 - UCLA 0
TOP OF THE 9TH
University of Toronto Marlies batting - Pitching for UCLA Bruins : LHP Kenny Coolbaugh
Pitching: RHP Juan Zatarain
Batting: RHB Charlie Townend 0-0: Ball
1-0: SINGLE (Groundball, 6D, EV 109.4 MPH)
Pinch Hitting: SHB Jack Tierney 0-0: Ball
1-0: Bunt missed!
1-1: Sac Bunt to 15 - play at first, batter OUT! 1-3
Charlie Townend to second
Batting: SHB Jose Melendez 0-0: SINGLE (Groundball, 4M, EV 84.4 MPH) (infield hit)
Charlie Townend to third
Batting: RHB Logan Johnson 0-0: Swinging Strike
0-1: Ball
1-1: Called Strike
Jose Melendez steals 2nd base
1-2: Ball
2-2: Strikes out swinging
Batting: LHB Efrem Isaev 0-0: Swinging Strike
0-1: Ball
1-1: Ball
2-1: Called Strike
2-2: Ball
3-2: Base on Balls
Pitching: LHP Brad Victor
Batting: SHB Shannon Britten 0-0: Ball
1-0: Called Strike
1-1: DOUBLE (Line Drive, 9LM, EV 114.4 MPH)
Charlie Townend scores
Jose Melendez scores
Efrem Isaev to third
Runner from 3rd tries for Home, SAFE, throw by RF to home
Batting: RHB Elmar Adenauer 0-0: Ball
1-0: Ball
2-0: Foul Ball, location: 2F
2-1: 2-RUN HOME RUN (Line Drive, 7LD, EV 90.6 MPH), Distance : 342 ft
Batting: RHB Jeff McClellan 0-0: Ball
1-0: Called Strike
1-1: Ball
2-1: Ball
3-1: Base on Balls
Batting: RHB Rich Vanegas 0-0: Ball
1-0: SINGLE (Line Drive, 9S, EV 85.6 MPH)
Jeff McClellan to second
Runner from 2nd tries for 3rd, SAFE, throw by RF made to third
Batting: RHB Charlie Townend 0-0: Ball
1-0: Foul Ball, location: 2F
1-1: Ball
2-1: Fielders Choice at 2nd, 5-4 (Groundball, 56, EV 81.9 MPH)
Top of the 9th over - 5 runs, 5 hits, 0 errors, 2 left on base; University of Toronto 9 - UCLA 0
BOTTOM OF THE 9TH
UCLA Bruins batting - Pitching for University of Toronto Marlies : LHP Archie Creelman
Now at C: Conrade Gordon
Batting: LHB Luis Ortegon 0-0: Called Strike
0-1: Called Strike
0-2: Strikes out swinging
Pinch Hitting: SHB Mike Beck 0-0: Foul Ball, location: 2F
0-1: Ball
1-1: SINGLE (Line Drive, 8RS, EV 87.5 MPH)
Batting: RHB Issac Konol 0-0: Ball
1-0: Fly out, F3 (Popup, 3SF, EV 83.1 MPH)
Batting: RHB Andy Knerr 0-0: Called Strike
0-1: Swinging Strike
0-2: Foul Ball, location: 2F
0-2: Foul Ball, location: 2F
0-2: Ball
1-2: Ball
2-2: SINGLE (Groundball, 56S, EV 66.2 MPH) (infield hit)
Mike Beck to second
Pitching: RHP Luke Stannard
Batting: SHB Sean Munns 0-0: Called Strike
0-1: Ground out 3-1 (Groundball, 34S, EV 78.1 MPH)
Bottom of the 9th over - 0 runs, 2 hits, 0 errors, 2 left on base; University of Toronto 9 - UCLA 0
Thursday, December 15th , 2022 - OOTP Baseball 23.9 Build 102